[Event "*** Titled Tuesday Blitz"]
[Site "Chess.com"]
[Date "2020.05.05"]
[Round "9"]
[White "evgenyermolaev"]
[Black "LiamVrolijk"]
[Result "0-1"]
[WhiteElo "2606"]
[BlackElo "2748"]
[TimeControl "180+1"]
[EndTime "11:48:33 PDT"]
[Termination "LiamVrolijk won on time"]

1. e4 e5 2. Nf3 Nc6 3. Bc4 Bc5 4. O-O Nf6 5. d4 Bxd4 6. Nxd4 Nxd4 7. f4 d6 8. fxe5 dxe5 9. Bg5 Qe7 10. Nc3 Be6 11.
Bxe6 fxe6 12. Kh1 O-O 13. Ne2 h6 14. Nxd4 hxg5 15. Nf3 Nxe4 16. Qe2 Nd6 17. Qxe5 Rf5 18. Qe3 Raf8 19. Rfe1 R8f6 20. Qxa7 g4 21. Nd4 Rh5 22. Qa3 Rfh6 23. Qg3 Rxh2+ 24. Qxh2 Rxh2+ 25. Kxh2 e5 26. Kg1 Qg5 27. Nb3 g3 28. Rad1 Qh5 29. Rd2 Qh2+ 30. Kf1 Qh1+ 31. Ke2 Qxg2+ 32. Kd1 Qf3+ 33. Kc1 Ne4 34.
Rde2 g2 35. Rxe4 Qxe4 36. Rxe4 g1=Q+ 37. Kd2 Qg2+ 38. Kd3 Qf3+ 39. Re3 Qf5+ 40. Kd2 g5 41.
Nc5 Qf2+ 42. Kd3 Qf1+ 43. Kd2 Qg2+ 0-1

[Event "*** Titled Tuesday Blitz"]
[Site "Chess.com"]
[Date "2020.05.05"]
[Round "9"]
[White "Stronger1799"]
[Black "kakakz"]
[Result "0-1"]
[WhiteElo "2234"]
[BlackElo "2421"]
[TimeControl "180+1"]
[EndTime "11:48:33 PDT"]
[Termination "kakakz won on time"]

1. e4 c5 2. Nf3 d6 3. d4 cxd4 4. Nxd4 Nf6 5. Nc3 g6 6. Be3 Bg7 7. f3 Nc6 8. Qd2 O-O 9. Nb3 a5 10. a4 Nb4 11. O-O-O Bd7 12. Kb1 Rc8 13. g4 Be6 14. h4 h5 15. Bh6 Kh7 16. Bxg7 Kxg7 17. g5 Nd7 18. Be2 Nb6 19. f4 Bc4 20. Bf3 Be6 21. f5 gxf5 22. Bxh5 Nc4 23. Qd4+ Kg8 24. g6 f6 25. g7 Rf7 26. exf5 Bxf5 27. Bxf7+ Kxf7 28. Rh2 Qg8 29. Rg1 Qh7 30. g8=Q+ Rxg8 31. Rxg8 Bxc2+ 32. Kc1 Bxb3 33. Rhg2 Qh6+ 34. R8g5 fxg5 35. Rxg5 Qf6 36.
Qd1 Qf4+ 0-1

[Event "*** Titled Tuesday Blitz"]
[Site "Chess.com"]
[Date "2020.05.05"]
[Round "9"]
[White "aNaartjieZA"]
[Black "NormWeinstein"]
[Result "1-0"]
[WhiteElo "2592"]
[BlackElo "2455"]
[TimeControl "180+1"]
[EndTime "11:48:34 PDT"]
[Termination "aNaartjieZA won on time"]

1. e4 c5 2. Nf3 d6 3. g3 Nf6 4. d3 g6 5. Bg2 Bg7 6. O-O O-O 7. Re1 Nc6 8. c3 Rb8 9. a4 a6 10. h3 b5 11. axb5 axb5 12. d4 e5 13. Nbd2 exd4 14. cxd4 cxd4 15. Nb3 Qb6 16. Nfxd4 Ne5 17.
Kh2 Bb7 18. f4 Nc4 19. Qd3 Rfe8 20. Nc2 Nd7 21. Be3 Nxe3 22. Nxe3 Bxb2 23. Rab1 Bg7 24. Red1 Nc5 25. Nxc5 dxc5 26. Qxb5 Qc7 27. Qc4 Red8 28. Nd5 Bxd5 29. exd5 Rxb1 30. Rxb1 Bd4 31. Rd1 Qd6 32. Qd3 Rb8 33. Re1 Kg7 34. Re2 Qb6 35.
h4 h5 36. f5 Qf6 37. fxg6 fxg6 38. Qe4 Rf8 39. Qe7+ Rf7 40. Qxf6+ Bxf6 41. Re6 Rd7 42. Rc6 Bd4 43. Bf3 Kf7 44. Kg2 Ra7 45. Be4 Ra2+ 46. Kh3 Bf6 47. Rxc5 1-0

[Event "*** Titled Tuesday Blitz"]
[Site "Chess.com"]
[Date "2020.05.05"]
[Round "9"]
[White "narutosmith"]
[Black "binbin239"]
[Result "0-1"]
[WhiteElo "2265"]
[BlackElo "2434"]
[TimeControl "180+1"]
[EndTime "11:48:34 PDT"]
[Termination "binbin239 won on time"]

1. c4 Nf6 2. Nc3 d5 3. cxd5 Nxd5 4. g3 g6 5. Bg2 Nb6 6. d3 Bg7 7. Be3 O-O 8. Qd2 N8d7 9. Bh6 Nf6 10. h4 Bxh6 11.
Qxh6 Ng4 12. Qd2 h5 13. O-O-O Nxf2 14. Nf3 Kg7 15. Rdf1 Nxh1 16. Bxh1 Be6 17. Ng5 Qd7 18. Qf4 Rad8 19. g4 Bxg4 20. Nxf7 Bf5 21. Nxd8 Qxd8 22. Bxb7 Qd6 23. Qg5 Qf6 24. Qg3 Qd6 25. Qf2 Rf6 26.
Qe3 c6 27. Ne4 Bxe4 28. Rxf6 exf6 29. Qxe4 Nd5 30. Qa4 Qc5+ 31. Qc4 Qe3+ 32. Kd1 Nf4 33. Qc2 Ng2 34. Qd2 Qg1+ 35. Kc2 Qb6 36. Bc8 Ne3+ 37.
Kb1 Nd5 38. e4 Ne7 39. Be6 c5 40. Bc4 Nc6 41. Qe3 Ne5 42. b3 a5 43. Kc2 a4 44. bxa4 Qb4 45. Bb3 Qa5 46. Qd2 Qb6 47. Qc3 Nf3 48. a5 Nd4+ 49. Kb2 Qb5 0-1

[Event "*** Titled Tuesday Blitz"]
[Site "Chess.com"]
[Date "2020.05.05"]
[Round "9"]
[White "SHIVACalypso"]
[Black "leopato"]
[Result "1-0"]
[WhiteElo "2296"]
[BlackElo "2088"]
[TimeControl "180+1"]
[EndTime "11:48:34 PDT"]
[Termination "SHIVACalypso won by resignation"]

1. Nf3 Nf6 2. c4 g6 3. g3 Bg7 4.
Bg2 O-O 5. O-O d6 6. Nc3 Nc6 7. d3 a6 8. Rb1 h6 9. b4 e5 10. a4 Bf5 11. Nd2 Qd7 12. b5 axb5 13. axb5 Nd8 14.
Bb2 Bh3 15. Ra1 Rb8 16. Qa4 Nh5 17. Qa7 Rc8 18. Nd5 Re8 19. b6 c6 20. Nc7 Rf8 21. Ba3 Nf4 22. Bxh3 Qxh3 23. gxf4 exf4 24. Nf3 g5 25.
Kh1 g4 26. Ng1 Qh4 27. Bxd6 Bd4 28. Bxf4 c5 29. e3 Bxa1 30. Qxa1 Nc6 31. Bg3 Qg5 32.
Ne2 Rfd8 33. Nf4 Ne5 34. Ncd5 f6 35. Ne6 Qg6 36. Ne7+ Kf7 37. Nxg6 Nxg6 38. Nxd8+ Rxd8 39. d4 cxd4 40. exd4 f5 41. Re1 f4 42. Bxf4 Nxf4 43. Qb1 Ng6 44. Qf5+ Kg7 45. Re6 Nf8 46. Re7+ Kh8 47.
Qf6+ 1-0

[Event "*** Titled Tuesday Blitz"]
[Site "Chess.com"]
[Date "2020.05.05"]
[Round "9"]
[White "DanielTitichoca"]
[Black "TERMINATOR_PC"]
[Result "0-1"]
[WhiteElo "2304"]
[BlackElo "2467"]
[TimeControl "180+1"]
[EndTime "11:48:35 PDT"]
[Termination "TERMINATOR_PC won by checkmate"]

1. e4 Nf6 2. d3 d5 3. Nd2 e5 4. Ngf3 Nc6 5. c3 Bc5 6. Be2 a5 7. h3 O-O 8. Qc2 Re8 9. Nf1 b6 10. g4 Ba6 11. Ng3 dxe4 12. dxe4 Bxe2 13. Qxe2 Qc8 14.
Bg5 Nd7 15. O-O-O Nf8 16. h4 Ne6 17. Be3 Nf4 18. Qf1 Qxg4 19. Nh2 Bxe3+ 20. Kb1 Qh3 21.
fxe3 Qxg3 22. exf4 Qxf4 23. Nf3 Rad8 24. Re1 Rd6 25. Rg1 Rf6 26. Qc4 Qxf3 27. Rgf1 Qg3 28. Rg1 Qxh4 29. Rd1 b5 30. Qxb5 Qxe4+ 31. Ka1 h6 32. Rge1 Qg4 33. Rg1 Qf3 34. Rgf1 Qh5 35. Rh1 Qf5 36. Rhf1 Qe6 37. Rg1 Rb8 38. Qc5 Qe7 39.
Qe3 a4 40. Rg4 a3 41. b3 Nd8 42.
Rdg1 Ne6 43. Qxe5 g6 44. Rh4 Kg7 45. Rf1 Rb6 46. Rc4 Rd6 47. Rxc7 Qxc7 48. Qxf6+ Kg8 49.
Rg1 Rd7 50. Re1 Qd6 51. Qf1 Qd2 52. Rc1 Qb2# 0-1

[Event "*** Titled Tuesday Blitz"]
[Site "Chess.com"]
[Date "2020.05.05"]
[Round "9"]
[White "erlesfar"]
[Black "gmelviro"]
[Result "1-0"]
[WhiteElo "2434"]
[BlackElo "2264"]
[TimeControl "180+1"]
[EndTime "11:48:35 PDT"]
[Termination "erlesfar won on time"]

1. e4 e5 2. Bc4 Nf6 3. Nc3 Nc6 4. d3 Bc5 5. f4 d6 6. Nf3 Bg4 7. Na4 Nd4 8. Nxc5 dxc5 9. O-O exf4 10. Bxf4 Nxf3+ 11. gxf3 Bh3 12. Rf2 Nh5 13. Bg3 O-O 14. c3 Qd7 15. f4 Bg4 16. Qf1 Be6 17.
Bxe6 fxe6 18. Rd1 Nxg3 19. hxg3 Rad8 20. d4 Qa4 21. b3 Qc6 22. Qe2 Rd7 23. Rf3 cxd4 24.
cxd4 Rfd8 25. Rfd3 Qb6 26. Qf2 Qb4 27. f5 exf5 28.
Qxf5 Rf7 29. Qe6 Rd6 30. Qc8+ Rf8 31. Qxc7 Rg6 32. Qc4+ Qxc4 33. bxc4 h5 34. e5 h4 35.
Kg2 Rf4 36. d5 Rxc4 37. d6 Rc2+ 38. Kg1 Rc8 39. d7 Rd8 40. Kh2 hxg3+ 41. Rxg3 Rxg3 42. Kxg3 Kf7 43. Kf4 Ke6 44. Rd6+ Ke7 45. Rg6 Kf7 46. Kf5 Rf8 47. e6+ Ke7+ 48. Ke5 Rg8 49. Rg1 g5 50. Rf1 g4 51. Rf7+ Kd8 52. Kd6 1-0

[Event "*** Titled Tuesday Blitz"]
[Site "Chess.com"]
[Date "2020.05.05"]
[Round "9"]
[White "Alopekos"]
[Black "Dinamo81"]
[Result "1-0"]
[WhiteElo "2489"]
[BlackElo "2638"]
[TimeControl "180+1"]
[EndTime "11:48:36 PDT"]
[Termination "Alopekos won by resignation"]

1. e4 e6 2. d4 d5 3. Nc3 Bb4 4. e5 Ne7 5. a3 Bxc3+ 6. bxc3 b6 7. Qg4 Kf8 8. h4 c5 9. h5 h6 10. Nf3 Ba6 11. Bxa6 Nxa6 12. O-O Nf5 13. a4 Kg8 14. a5 b5 15. dxc5 Nxc5 16. Nd4 Qd7 17. Nxf5 exf5 18. Qd4 Ne6 19. Qd3 Nc5 20. Qd4 Ne6 21. Qd3 Nc5 22. Qe3 Rc8 23. Ba3 Ne4 24. Bb4 Kh7 25.
f3 Ng5 26. Rad1 Rhe8 27. Qd3 Red8 28. Bd6 Qe6 29. Qxd5 Rxc3 30. Qxb5 Rdc8 31. Rf2 Rxc2 32. Rdf1 Qa2 33. Qd3 g6 34. hxg6+ fxg6 35. Be7 Nf7 36.
Bf6 Rxf2 37. Rxf2 Qe6 38. Rd2 Rc7 39. Qd4 g5 40. Kh2 Kg6 41. Qd5 Qxd5 42. Rxd5 f4 43. Bd8 Rb7 44. e6 Nh8 45. e7 Kf7 46. Rf5+ Ke6 47.
e8=Q+ Kxf5 48. Qxh8 g4 49. Qf8+ Kg6 50. fxg4 Rf7 51.
Qe8 f3 52. Qe6+ Kg7 53. gxf3 Rxf3 54. Qe5+ Kf7 55. Qd5+ Kg6 56. Qxf3 1-0

[Event "*** Titled Tuesday Blitz"]
[Site "Chess.com"]
[Date "2020.05.05"]
[Round "9"]
[White "floplover"]
[Black "GukeshDommaraju"]
[Result "0-1"]
[WhiteElo "2306"]
[BlackElo "2771"]
[TimeControl "180+1"]
[EndTime "11:48:36 PDT"]
[Termination "GukeshDommaraju won on time"]

1. d4 Nf6 2. c4 g6 3. Nc3 Bg7 4. e4 d6 5. Nf3 O-O 6. Be2 e5 7. O-O Nc6 8. d5 Ne7 9. b4 a5 10. Ba3 Nd7 11. bxa5 Rxa5 12. Bb4 Ra8 13. a4 h6 14. a5 f5 15. Nd2 Nf6 16. c5 fxe4 17. Ndxe4 Nxe4 18. Nxe4 Rf4 19. cxd6 cxd6 20. f3 Nf5 21. g3 Ne3 22. Qc1 Nxf1 23. gxf4 Nxh2 24. Kxh2 Qh4+ 25. Kg1 exf4 26. Bc3 Bxc3 27. Qxc3 Bf5 28. Qf6 Qh3 29. Nf2 Qg3+ 30. Kf1 Re8 31. a6 Bh3+ 32. Ke1 bxa6 33. Rxa6 Bf5 34. Rxd6 Qg1+ 35. Kd2 Qxf2 36. Re6 Rxe6 37. dxe6 Qe3+ 38. Ke1 Qxe6 39. Qd8+ Kf7 40. Qc7+ Qe7 41. Qc4+ Kg7 42. Qxf4 h5 43. Qd4+ Kh7 44. Kf2 Qg5 45. Bf1 Qc1 46. Be2 Qc2 47. Qe5 Qd2 0-1

[Event "*** Titled Tuesday Blitz"]
[Site "Chess.com"]
[Date "2020.05.05"]
[Round "9"]
[White "petrkostenko"]
[Black "IAgrest"]
[Result "1-0"]
[WhiteElo "2428"]
[BlackElo "2259"]
[TimeControl "180+1"]
[EndTime "11:48:36 PDT"]
[Termination "petrkostenko won on time"]

1. e4 e5 2. Nf3 Nc6 3. Bb5 a6 4. Ba4 Nf6 5. d3 b5 6. Bb3 Bc5 7. a4 Rb8 8. axb5 axb5 9. O-O d6 10. c3 O-O 11. Bg5 h6 12. Bh4 Bg4 13. h3 Bh5 14.
Nbd2 Qe7 15. Re1 Nd8 16. Nf1 Ne6 17. Ng3 Bg6 18. d4 exd4 19. cxd4 Bb4 20. Re3 Qd7 21. e5 Nh7 22. d5 Neg5 23. Bxg5 Nxg5 24. Nxg5 hxg5 25. Bc2 Bc5 26. Re2 g4 27. e6 Qe7 28.
hxg4 Qf6 29. Bxg6 fxg6 30. Ne4 Qh4 31. Nxc5 dxc5 32. d6 cxd6 33. Qd5 Qe7 34. Rd1 Rbd8 35. g3 Rfe8 36. Rde1 Kh8 37. Kg2 Kg8 38. Re4 Ra8 39.
Rd1 Rad8 40. b3 b4 41. g5 Rf8 42. g4 Rfe8 43. f4 Rf8 44. Kg3 Rfe8 45. Re3 Rf8 46. Re2 Rde8 47. Rh1 Rd8 48. Reh2 1-0

[Event "*** Titled Tuesday Blitz"]
[Site "Chess.com"]
[Date "2020.05.05"]
[Round "9"]
[White "queen_iryna"]
[Black "gemarin"]
[Result "1-0"]
[WhiteElo "2294"]
[BlackElo "1979"]
[TimeControl "180+1"]
[EndTime "11:48:36 PDT"]
[Termination "queen_iryna won on time"]

1. d4 d5 2. Nc3 Bf5 3. Bg5 c6 4. e3 Qb6 5. Rb1 e6 6. Bd3 Bxd3 7. Qxd3 Nd7 8. Nf3 Ngf6 9. O-O Bd6 10. e4 dxe4 11. Nxe4 Nxe4 12. Qxe4 Qa5 13. Bh4 Qxa2 14. b3 Qa5 15. c4 Qh5 16. Bg3 Bxg3 17. fxg3 O-O 18.
g4 Qg6 19. Qf4 Rfd8 20. g5 Qf5 21. Qe3 Qg4 22. c5 Nf8 23. Rbd1 Ng6 24. Ne5 Nxe5 25. Qxe5 Rd7 26. Rd3 Rad8 27. Rf4 Qh5 28. Rdf3 Qg6 29.
h4 h6 30. gxh6 Qxh6 31. Kh2 Rd5 32. Qe4 f5 33. Qe3 Qf6 34. Kh3 Rxd4 35. Rxd4 Rxd4 36.
g3 Re4 37. Qd3 Qe7 38. b4 Re5 39. Qd4 Rd5 40. Qf4 Qd7 41. Qb8+ Kh7 42. Qxa7 Rd1 43. Rf2 Qd5 44. Rh2 Qe4 45. Qa2 Qg4+ 46. Kg2 Qe4+ 47.
Kh3 Rc1 48. Qe2 1-0

[Event "*** Titled Tuesday Blitz"]
[Site "Chess.com"]
[Date "2020.05.05"]
[Round "9"]
[White "GMJustin"]
[Black "kreonx"]
[Result "0-1"]
[WhiteElo "2349"]
[BlackElo "2237"]
[TimeControl "180+1"]
[EndTime "11:48:38 PDT"]
[Termination "kreonx won on time"]

1. d4 f5 2. Nd2 Nf6 3. Ngf3 g6 4. b3 Bg7 5. Bb2 Ne4 6. h4 c5 7. h5 Nc6 8. hxg6 hxg6 9. Rxh8+ Bxh8 10. e3 Qa5 11. Qc1 Nxd2 12. Qxd2 Qxd2+ 13. Kxd2 cxd4 14. exd4 b6 15. c3 Bb7 16. Bc4 Na5 17. Bd3 Bxf3 18.
gxf3 Nc6 19. Rh1 Bg7 20. Ba3 Kf7 21. Bc4+ e6 22. d5 Ne5 23. dxe6+ dxe6 24. Be2 Rd8+ 25. Kc2 Rc8 26. Bb2 f4 27. a4 Nc6 28. Bc4 Ne5 29.
Ba6 Rc7 30. Rd1 Nc6 31. Bc4 Ne5 32. Be2 Nc6 33. Bc4 Ne5 34. Be2 g5 35. Kb1 Ng6 36.
Rd8 Bxc3 37. Bxc3 Rxc3 38. Rd7+ Kf6 39. Kb2 Rc6 40. Rxa7 Rd6 41. Bf1 Rd2+ 42. Kc3 Rxf2 43. Bc4 Rxf3+ 44. Kb4 Ne5 45. Rb7 Nxc4 46. Kxc4 g4 47. Rxb6 g3 48. a5 g2 49. Rb8 g1=Q 50. a6 Qf1+ 0-1

[Event "*** Titled Tuesday Blitz"]
[Site "Chess.com"]
[Date "2020.05.05"]
[Round "9"]
[White "maciek_92"]
[Black "AttilaTurzo"]
[Result "1-0"]
[WhiteElo "2709"]
[BlackElo "2497"]
[TimeControl "180+1"]
[EndTime "11:48:39 PDT"]
[Termination "maciek_92 won by resignation"]

1. e4 c5 2. Nf3 Nc6 3. c3 Nf6 4. e5 Nd5 5. d4 cxd4 6. cxd4 d6 7. Bc4 dxe5 8. dxe5 Ndb4 9. Qxd8+ Nxd8 10. Na3 a6 11. Be3 b5 12. Be2 e6 13. O-O Bb7 14. Nd4 Nd5 15. Bg5 h6 16. Bh4 Be7 17. Bg3 Nc6 18. Nxc6 Bxc6 19. Nc2 Nb4 20. Nd4 Bd5 21. a3 Nc6 22.
Nc2 O-O 23. Ne3 Be4 24. Rfd1 Rfd8 25. f3 Bg6 26. f4 Nd4 27. Bf1 Nb3 28. Rxd8+ Rxd8 29. Rd1 Nd2 30. Be2 Kf8 31. Be1 Nb3 32. Bb4 Nd4 33.
Kf2 Ke8 34. Bxe7 Kxe7 35. Rd2 Be4 36. Bd1 a5 37. g3 g5 38. h4 gxf4 39. gxf4 b4 40.
axb4 axb4 41. Nc4 Nb3 42. Rxd8 Kxd8 43. Nd6 Bg6 44. Bxb3 Ke7 45. Ke3 Bh5 46. Bc4 Bd1 47. Kd4 b3 48. Kc5 Bc2 49. Kd4 Bd1 50. Kc3 f6 51.
Bxb3 Bxb3 52. Kxb3 fxe5 53. fxe5 h5 54. Kc4 1-0

[Event "*** Titled Tuesday Blitz"]
[Site "Chess.com"]
[Date "2020.05.05"]
[Round "9"]
[White "RATNAKARAN"]
[Black "albano87"]
[Result "1/2-1/2"]
[WhiteElo "2556"]
[BlackElo "2409"]
[TimeControl "180+1"]
[EndTime "11:48:39 PDT"]
[Termination "Game drawn - insufficient material"]

1. e4 g6 2. d4 Bg7 3. Bc4 d6 4. Bb3 Nf6 5. Qe2 c6 6. Bg5 Qa5+ 7. Bd2 Qc7 8. f4 e5 9. fxe5 dxe5 10. d5 O-O 11. c4 a5 12. Nc3 Nbd7 13. Nf3 Re8 14.
O-O b6 15. h3 Ba6 16. Rf2 cxd5 17. exd5 Nc5 18. Bc2 e4 19. Nd4 Nd3 20. Ndb5 Bxb5 21. Nxb5 Qxc4 22. Nd6 Qxc2 23. Nxe8 Rxe8 24. Bc3 Qxe2 25.
Rxe2 Nxd5 26. Bxg7 Kxg7 27. Rd1 Nf6 28. a3 Rc8 29. g4 h6 30. Kh2 Rc1 31. Rxc1 Nxc1 32. Rc2 Nd3 33. Kg3 b5 34. b3 b4 35. axb4 axb4 36. Rc7 e3 37. Kf3 Nd5 38. Rb7 N3f4 39.
Rb8 e2 40. Re8 Kf6 41. h4 g5 42. h5 Ne6 43. Kxe2 Ndf4+ 44. Kf3 Nc5 45. Rb8 Nxb3 46. Rxb4 Nd2+ 47. Kf2 Ke5 48. Rb6 Ne4+ 49. Kf3 Nd6 50. Rb8 f6 51. Rh8 Nf7 52. Re8+ Kd6 53. Ke4 Ne6 54. Ra8 Ng7 55. Ra7 Ke6 56. Kf3 Ne8 57. Kg3 Ned6 58. Ra6 f5 59. gxf5+ Kxf5 60. Ra5+ Ne5 61. Ra6 Ne4+ 62. Kg2 Nf6 63. Kh3 g4+ 64. Kh4 Nf3+ 65. Kg3 Nxh5+ 66. Kf2 Nf6 67. Ra5+ Ne5 68. Kg3 h5 69. Kh4 Kf4 70. Ra4+ Ne4 71. Kxh5 g3 72. Ra1 Kf3 73. Rg1 g2 74. Rxg2 Kxg2 1/2-1/2

[Event "*** Titled Tuesday Blitz"]
[Site "Chess.com"]
[Date "2020.05.05"]
[Round "9"]
[White "elsemenova"]
[Black "IMRosen"]
[Result "0-1"]
[WhiteElo "2399"]
[BlackElo "2557"]
[TimeControl "180+1"]
[EndTime "11:48:39 PDT"]
[Termination "IMRosen won by resignation"]

1. e4 e5 2. Nf3 Nf6 3. Nc3 Nc6 4.
Bb5 Bb4 5. O-O O-O 6. d3 d6 7. Ne2 Ne7 8. c3 Ba5 9. Ng3 Ng6 10. d4 Bb6 11. h3 h6 12. Re1 Be6 13. Nf5 Kh7 14. Ba4 c6 15. Bb3 Re8 16. a4 Bc7 17.
Bxe6 fxe6 18. Ng3 Qe7 19. Be3 Rf8 20. b4 Rf7 21. Qb3 Nf4 22. Rad1 Raf8 23. dxe5 dxe5 24. Bc5 Qe8 25. Bxf8 Qxf8 26. c4 g5 27. c5 g4 28.
hxg4 Nxg4 29. Rd2 Qg7 30. Red1 h5 31. Kf1 Nh6 32. Nh4 Qf6 33. Rd7 Qxh4 34. Rxf7+ Nxf7 35. Rd7 Qh2 36. Qf3 h4 37. Rxf7+ Kg6 38. Rxc7 hxg3 39. Qg4+ Kh6 40. Qg7+ Kh5 41. Qh7+ Kg5 42. Qxh2 gxh2 43. Rh7 Nh5 44. f4+ exf4 45. Rxh5+ Kxh5 46. g4+ fxg3 47. Kg2 Kg4 48. b5 Kf4 49. a5 a6 50. bxc6 bxc6 51.
e5 Kxe5 52. Kxg3 h1=Q 0-1

[Event "*** Titled Tuesday Blitz"]
[Site "Chess.com"]
[Date "2020.05.05"]
[Round "9"]
[White "mortngabriel"]
[Black "ChronicUnhappiness"]
[Result "1-0"]
[WhiteElo "2452"]
[BlackElo "2312"]
[TimeControl "180+1"]
[EndTime "11:48:39 PDT"]
[Termination "mortngabriel won by resignation"]

1. d4 d5 2. c4 e6 3. Nf3 Nf6 4. g3 c5 5. cxd5 exd5 6. Bg2 Nc6 7. O-O Be7 8. dxc5 Bxc5 9. a3 O-O 10. b4 Bb6 11.
Bb2 Re8 12. Nbd2 Bg4 13. Nb3 a6 14. Rc1 Qd7 15. Nc5 Bxc5 16. Rxc5 Re6 17. Bxf6 Rxf6 18. Rxd5 Qe7 19. Re1 Re6 20. h3 Bxf3 21. Bxf3 g6 22.
Rd7 Qf6 23. Rxb7 Rd8 24. Rd7 Rxd7 25. Qxd7 Nd4 26. Bg4 Rd6 27. Qe8+ Kg7 28. e3 Nc2 29. Rc1 Rd8 30. Qe4 Nxa3 31. Rc6 Rd6 32. Rxd6 Qxd6 33. Be2 Nb5 34. Bxb5 axb5 35. Qd4+ Qxd4 36. exd4 Kf6 37. Kf1 Kf5 38. f3 h5 39. Ke2 h4 40. g4+ Kf4 41. Kf2 g5 42. Ke2 f6 43. Kf2 f5 44. gxf5 Kxf5 45.
Ke3 Kf6 46. Ke4 Ke6 47. d5+ Kd6 48. Kd4 Kd7 49. Kc5 Ke7 50. Kxb5 Kd6 51. Kc4 Ke5 52.
Kc5 Kf4 53. d6 g4 54. fxg4 Kg3 55. d7 Kxh3 56. d8=Q 1-0

[Event "*** Titled Tuesday Blitz"]
[Site "Chess.com"]
[Date "2020.05.05"]
[Round "9"]
[White "kleopl"]
[Black "Aikiigm"]
[Result "1-0"]
[WhiteElo "2473"]
[BlackElo "2614"]
[TimeControl "180+1"]
[EndTime "11:48:40 PDT"]
[Termination "kleopl won by resignation"]

1. c4 Nf6 2. Nc3 c6 3. e4 d5 4. e5 d4 5. exf6 dxc3 6. fxg7 cxd2+ 7. Qxd2 Qxd2+ 8. Bxd2 Bxg7 9. O-O-O Bf5 10. Ne2 Nd7 11.
Bc3 Bxc3 12. Nxc3 O-O-O 13. f4 Nc5 14. Be2 Nd3+ 15. Bxd3 Bxd3 16. b3 h5 17. Rd2 Bf5 18.
Rxd8+ Kxd8 19. Ne2 h4 20. Kd2 Rg8 21. Rg1 Kc7 22.
Ke3 Rd8 23. Nd4 Bh7 24. Rd1 a5 25. Rd2 Rd6 26. Nf3 Re6+ 27. Kf2 Rf6 28. Ke3 Re6+ 29. Kf2 Rf6 30. Ke3 Rh6 31. Ne5 Re6 32. Kf3 f6 33. Ng4 Re1 34. Ne3 Ra1 35. Nd1 Bf5 36. Nc3 Rh1 37.
h3 Rf1+ 38. Rf2 Rc1 39. Ne2 Rc2 40. Nd4 Rc3+ 41. Ke2 Be4 42. Nf3 Bxf3+ 43. gxf3 Kd6 44. Kd2 Rxb3 45. axb3 Kc5 46. Kc3 b5 47. Re2 b4+ 48. Kd3 Kd6 49. Kd4 c5+ 50. Kd3 e6 51. Rg2 e5 52. Rg4 Ke6 53. Rxh4 a4 54. bxa4 b3 55.
Kc3 e4 56. fxe4 1-0

[Event "*** Titled Tuesday Blitz"]
[Site "Chess.com"]
[Date "2020.05.05"]
[Round "9"]
[White "adriangschnitzer"]
[Black "SaySpade4VIP"]
[Result "1-0"]
[WhiteElo "2464"]
[BlackElo "2607"]
[TimeControl "180+1"]
[EndTime "11:48:41 PDT"]
[Termination "adriangschnitzer won on time"]

1. c4 e5 2. Nc3 Nc6 3. Nf3 Nf6 4. e3 Bb4 5. Qc2 O-O 6. Nd5 Re8 7. Qf5 Be7 8. Nxe5 Nd4 9. Qd3 Nxd5 10. cxd5 Bf6 11.
Qxd4 Rxe5 12. Qc4 b5 13. Qxb5 c6 14. Qb3 Rxd5 15. Bc4 Rg5 16. Bxf7+ Kh8 17. g3 d5 18. h4 Re5 19. f4 Re7 20. Bh5 Bf5 21. Bf3 Rb8 22. Qa3 d4 23. Kf2 a5 24. g4 Be4 25.
Bxe4 Rxe4 26. g5 Be7 27. Qd3 dxe3+ 28. Ke2 Rd4 29. Qxe3 Qd5 30. Qf3 Re4+ 31. Kf2 Qd4+ 32. Kg3 Rxf4 33. Qxf4 Bd6 34. Rf1 Rf8 35. d3 Qxd3+ 36.
Kg4 Bxf4 37. Bxf4 Qe2+ 38. Kg3 Qxb2 39. Rae1 Kg8 40. Rf3 Qxa2 41. Ref1 Qe6 42. h5 a4 43. h6 gxh6 44. gxh6 Rf6 45. Bg5 Rxf3+ 46. Rxf3 a3 47. Rf6 1-0

[Event "*** Titled Tuesday Blitz"]
[Site "Chess.com"]
[Date "2020.05.05"]
[Round "9"]
[White "Gvetadze"]
[Black "GMartin_Petrov"]
[Result "1/2-1/2"]
[WhiteElo "2412"]
[BlackElo "2605"]
[TimeControl "180+1"]
[EndTime "11:48:41 PDT"]
[Termination "Game drawn - insufficient material"]

1. e4 c5 2. Nf3 d6 3. d4 cxd4 4. Nxd4 Nf6 5. f3 e5 6. Nb3 Be7 7. c4 a5 8. Be3 a4 9. N3d2 Qa5 10. Be2 O-O 11. O-O Nc6 12. Nc3 a3 13. Nb3 Qb4 14. Qd2 axb2 15. Qxb2 Be6 16. a3 Rxa3 17. Rxa3 b5 18.
Nxb5 Bxc4 19. Bxc4 Qxc4 20. Nd2 Qe2 21. Rf2 Qe1+ 22.
Nf1 d5 23. Ra1 Qb4 24. Qxb4 Nxb4 25. exd5 Nfxd5 26. Rd2 Rb8 27. Na3 Nxe3 28. Nxe3 Bc5 29. Kf2 f5 30. Rc1 Na6 31. Ke2 Bxa3 32. Ra1 Rb3 33.
Rda2 Bc5 34. Nd5 Nb4 35. Nxb4 Rxb4 36. Rc2 Bd4 37. Ra8+ Kf7 38. Rc7+ Ke6 39. Rxg7 e4 40. Ra6+ Kd5 41. Rd7+ Kc4 42. fxe4 fxe4 43. Ra2 Rb3 44. Rc2+ Bc3 45. Rc7+ Kd4 46. R7xc3 Rxc3 47. Rxc3 Kxc3 48. Ke3 Kc4 49. Kxe4 Kc5 50. Ke5 Kc6 51. Ke6 Kc5 52.
g4 Kd4 53. h4 Ke4 54. g5 Kf4 55. Kf6 Kg4 56. Kg7 Kxh4 57. Kh6 Kg4 58. Kxh7 Kxg5 1/2-1/2

[Event "*** Titled Tuesday Blitz"]
[Site "Chess.com"]
[Date "2020.05.05"]
[Round "9"]
[White "FMJoseHerrera"]
[Black "Oligan22"]
[Result "1-0"]
[WhiteElo "2592"]
[BlackElo "2380"]
[TimeControl "180+1"]
[EndTime "11:48:41 PDT"]
[Termination "FMJoseHerrera won by resignation"]

1. Nf3 d5 2. g3 Bg4 3. Bg2 c6 4. d3 Nd7 5. c3 e6 6. O-O Bd6 7. Qb3 Rb8 8. Be3 a6 9. Ba7 Nc5 10. Qb4 Bxf3 11. Bxb8 Bxg2 12. Bxd6 Bxf1 13. Bxc5 Bxe2 14. Qxb7 Ne7 15. Nd2 Bxd3 16. Nf3 f6 17. Re1 Kf7 18. Nd4 Re8 19. Nxe6 Qc8 20. Ng5+ Kg6 21. Qxc8 Rxc8 22. Ne6 Bf5 23. Nf4+ Kh6 24. Rxe7 g5 25. Ng2 Rb8 26. b4 a5 27. Ne3 Be4 28.
Re6 axb4 29. cxb4 Kg6 30. Bd4 Rxb4 31. Rxf6+ Kg7 32. Be5 Rb1+ 33. Nf1 Kg8 34. Rxc6 Bd3 35. Kg2 Bxf1+ 36. Kf3 Bd3 37. Kg4 Be2+ 38. Kxg5 Rd1 39.
f4 Kf7 40. Rc7+ Ke6 41. Rxh7 d4 42. Rh6+ Kd5 43. Rd6+ Ke4 44. Rxd4+ Rxd4 45. Bxd4 Kxd4 46. h4 Bc4 47. a3 Bb3 48. h5 Kd5 49. Kf6 Bc2 50.
h6 Kc5 51. g4 Kd6 52. f5 Bd3 53. h7 1-0

[Event "*** Titled Tuesday Blitz"]
[Site "Chess.com"]
[Date "2020.05.05"]
[Round "9"]
[White "TengisChess"]
[Black "Keks2017"]
[Result "1-0"]
[WhiteElo "2541"]
[BlackElo "2400"]
[TimeControl "180+1"]
[EndTime "11:48:42 PDT"]
[Termination "TengisChess won on time"]

1. c4 g6 2. Nf3 Bg7 3. g3 Nf6 4. Bg2 O-O 5. O-O d6 6. Nc3 Nc6 7. d3 Nh5 8. Rb1 f5 9. Nd5 e6 10. Bg5 Qd7 11. Nf4 Nxf4 12. Bxf4 h6 13.
b4 e5 14. Bd2 g5 15. b5 Ne7 16. a4 Rb8 17. a5 Qe8 18. Ne1 f4 19. Nc2 g4 20.
Nb4 Qh5 21. f3 Qg6 22. Kh1 h5 23. gxf4 exf4 24. Rg1 g3 25. e4 Qf6 26. Bf1 h4 27. Qe2 Be6 28. Rc1 Kh7 29. Nd5 Bxd5 30. cxd5 Rbc8 31.
Bh3 Ng6 32. b6 axb6 33. axb6 c5 34. dxc6 Rxc6 35. Rxc6 bxc6 36. Bf5 Kh8 37. b7 Rb8 38. Bc8 Ne7 39. Qg2 Nxc8 40. bxc8=Q+ Rxc8 41. Qh3 Rc7 42. hxg3 fxg3 43. Rxg3 Kg8 44. Bg5 Qa1+ 45. Rg1 Qd4 46. Qe6+ Rf7 47. Bh6 Kf8 48. Qc8+ Ke7 49. Rxg7 Rxg7 50. Qc7+ Kf8 51. Qd8+ 1-0

[Event "*** Titled Tuesday Blitz"]
[Site "Chess.com"]
[Date "2020.05.05"]
[Round "9"]
[White "Sychev_Klementy"]
[Black "Aygehovit1992"]
[Result "1-0"]
[WhiteElo "2889"]
[BlackElo "2697"]
[TimeControl "180+1"]
[EndTime "11:48:43 PDT"]
[Termination "Sychev_Klementy won on time"]

1. e4 d6 2. d4 g6 3. Nc3 Bg7 4. f4 Nf6 5. Nf3 O-O 6. e5 dxe5 7. fxe5 Nd5 8. Bc4 Nb6 9. Bb3 Nc6 10. a3 Bg4 11. Be3 Bxf3 12. gxf3 Na5 13. Ba2 Nac4 14. Bf2 Nxb2 15. Qe2 e6 16. Bb3 Nd5 17. Ne4 c6 18. O-O b5 19. Rab1 Nf4 20. Qd2 Nh3+ 21. Kh1 Nxf2+ 22. Qxf2 Nc4 23. Bxc4 bxc4 24. Rb7 Qd5 25.
Rfb1 f6 26. Rxg7+ Kxg7 27. Rb7+ Rf7 28. Nxf6 Qa5 29. Qh4 h5 30. Nxh5+ Kf8 31. Rxf7+ Kxf7 32. Qf6+ Ke8 33. Ng7+ Kd7 34. Qf7+ Kc8 35. Nxe6 Qe1+ 36. Kg2 Qe2+ 37. Kg3 Qe1+ 38. Kf4 Qd2+ 39. Kg3 Qe1+ 40. Kh3 Qf1+ 41. Kh4 Qf2+ 42. Kg5 Qd2+ 43. Kf6 Qa5 44. Qe8+ Kb7 45. Nc5+ Qxc5 46. Qd7+ 1-0